| TOP OF THE 1ST |
|
Greenville Spinners batting - Pitching for Gastonia Rockets : RHP Jesus Aguilar
|
|
Pitching: RHP Jesus Aguilar
|
|
|
Batting: RHB Tony Russell
|
0-0: Ground out 6-3 (Groundball, 6, EV 81.9 MPH)
|
|
Batting: RHB Byron Peyton
|
0-0: Foul Ball, location: 2F 0-1: Foul Ball, location: 2F 0-2: Ball 1-2: Ball 2-2: Ball 3-2: Base on Balls
|
|
Batting: SHB Thomas Colburn
|
0-0: Ball 1-0: Foul Ball, location: 2F 1-1: Ball 2-1: Foul Ball, location: 2F 2-2: Foul Ball, location: 2F 2-2: Ball 3-2: Foul Ball, location: 2F 3-2: Fly out, F8 (Flyball, 8RM, EV 81.3 MPH)
|
|
Batting: RHB Ronald Carapezzi
|
0-0: Foul Ball, location: 2F 0-1: Ball 1-1: Ball 2-1: Ball 3-1: Base on Balls Byron Peyton to second
|
|
Batting: RHB Richard Duran
|
0-0: Called Strike 0-1: Fly out, F4 (Popup, 4D, EV 46.9 MPH)
|
| Top of the 1st over - 0 runs, 0 hits, 0 errors, 2 left on base; Greenville 0 - Gastonia 0 |
| BOTTOM OF THE 1ST |
|
Gastonia Rockets batting - Pitching for Greenville Spinners : RHP Tony Pedroza
|
|
Pitching: RHP Tony Pedroza
|
|
|
Batting: RHB Glenn Jones
|
0-0: Called Strike 0-1: Foul Ball, location: 2F 0-2: Strikes out swinging
|
|
Batting: RHB Jackie Wright
|
0-0: Called Strike 0-1: Reached on error, E4 (Groundball, 34, EV 79.4 MPH)
|
|
Batting: LHB Dale Holman
|
0-0: Called Strike 0-1: SINGLE (Line Drive, 7S, EV 105.0 MPH) Jackie Wright to second
|
|
Batting: RHB Mark Davidson
|
0-0: SINGLE (Groundball, 6S, EV 68.1 MPH) (infield hit) Jackie Wright to third Dale Holman to second
|
|
Batting: LHB Reginald Thomas
|
0-0: Ball 1-0: Fly out, F7 (Flyball, 7LM, EV 95.6 MPH) Runner from 3rd tags up, SCORES, throw by LF
|
|
Batting: RHB Pat Dumouchelle
|
0-0: Foul Ball, location: 2F 0-1: Fielders Choice at 2nd, 6-4 (Groundball, 6, EV 87.5 MPH)
|
| Bottom of the 1st over - 1 run, 2 hits, 1 error, 2 left on base; Greenville 0 - Gastonia 1 |
| TOP OF THE 2ND |
|
Greenville Spinners batting - Pitching for Gastonia Rockets : RHP Jesus Aguilar
|
|
Batting: RHB Michael McEvilly
|
0-0: Called Strike 0-1: Ball 1-1: Foul Ball, location: 2F 1-2: Strikes out swinging
|
|
Batting: RHB Luis Salazar
|
0-0: Reached on error, E5 (Groundball, 15, EV 88.1 MPH)
|
|
Batting: RHB Darrell Woodard
|
0-0: Called Strike 0-1: Ball 1-1: Called Strike 1-2: Foul Ball, location: 2F 1-2: Fielders Choice at 2nd, 6-4 (Groundball, 6, EV 90.0 MPH)
|
|
Batting: SHB David Miller
|
0-0: Ball 1-0: Ball Darrell Woodard is caught stealing 2nd base 2-6
|
| Top of the 2nd over - 0 runs, 0 hits, 1 error, 0 left on base; Greenville 0 - Gastonia 1 |
| BOTTOM OF THE 2ND |
|
Gastonia Rockets batting - Pitching for Greenville Spinners : RHP Tony Pedroza
|
|
Batting: SHB Billy Heimach
|
0-0: Ball 1-0: Ball 2-0: Ball 3-0: Called Strike 3-1: Foul Ball, location: 2F 3-2: Foul Ball, location: 2F 3-2: Ground out 4-3 (Groundball, 4, EV 102.5 MPH)
|
|
Batting: RHB Donald Murelli
|
0-0: Ball 1-0: Ball 2-0: Foul Ball, location: 2F 2-1: Fly out, F7 (Flyball, 7LM, EV 86.9 MPH)
|
|
Batting: RHB Kurt Kingsolver
|
0-0: Called Strike 0-1: DOUBLE (Line Drive, 8LXD, EV 107.5 MPH)
|
|
Batting: RHB Glenn Jones
|
0-0: Ball 1-0: Ball 2-0: Ball 3-0: Base on Balls
|
|
Batting: RHB Jackie Wright
|
0-0: Ball 1-0: Foul Ball, location: 2F 1-1: Ball 2-1: Swinging Strike 2-2: Foul Ball, location: 2F 2-2: Strikes out swinging
|
| Bottom of the 2nd over - 0 runs, 1 hit, 0 errors, 2 left on base; Greenville 0 - Gastonia 1 |
| TOP OF THE 3RD |
|
Greenville Spinners batting - Pitching for Gastonia Rockets : RHP Jesus Aguilar
|
|
Batting: SHB David Miller
|
0-0: Ball 1-0: Ball 2-0: Bunt missed! 2-1: Foul Ball, location: 2F 2-2: Ground out 1-3 (Groundball, 15S, EV 66.9 MPH)
|
|
Batting: RHB Tony Russell
|
0-0: Called Strike 0-1: Ball 1-1: Ball 2-1: Foul Ball, location: 2F 2-2: Reached on error, E7 (Flyball, 7S, EV 90.6 MPH)
|
|
Batting: RHB Byron Peyton
|
0-0: Called Strike Tony Russell steals 2nd base 0-1: Ball 1-1: Fly out, F8 (Flyball, 8LM, EV 85.6 MPH)
|
|
Batting: SHB Thomas Colburn
|
0-0: Called Strike 0-1: Swinging Strike 0-2: Ball 1-2: Foul Ball, location: 2F 1-2: Ball 2-2: Ball 3-2: Fly out, F5 (Line Drive, 5, EV 66.9 MPH)
|
| Top of the 3rd over - 0 runs, 0 hits, 1 error, 1 left on base; Greenville 0 - Gastonia 1 |
| BOTTOM OF THE 3RD |
|
Gastonia Rockets batting - Pitching for Greenville Spinners : RHP Tony Pedroza
|
|
Batting: LHB Dale Holman
|
0-0: Foul Ball, location: 2F 0-1: Fly out, F5 (Line Drive, 5, EV 65.6 MPH)
|
|
Batting: RHB Mark Davidson
|
0-0: Ball 1-0: Ball 2-0: Called Strike 2-1: Ball 3-1: Called Strike 3-2: Base on Balls
|
|
Batting: LHB Reginald Thomas
|
0-0: Grounds into double play, 4-6-3 (Groundball, 4D, EV 100.0 MPH)
|
| Bottom of the 3rd over - 0 runs, 0 hits, 0 errors, 0 left on base; Greenville 0 - Gastonia 1 |
| TOP OF THE 4TH |
|
Greenville Spinners batting - Pitching for Gastonia Rockets : RHP Jesus Aguilar
|
|
Batting: RHB Ronald Carapezzi
|
0-0: Called Strike 0-1: Swinging Strike 0-2: Ground out 5-3 (Groundball, 56, EV 82.5 MPH)
|
|
Batting: RHB Richard Duran
|
0-0: Ball 1-0: Swinging Strike 1-1: Ball 2-1: Foul Ball, location: 2F 2-2: Foul Ball, location: 2F 2-2: Strikes out swinging
|
|
Batting: RHB Michael McEvilly
|
0-0: Called Strike 0-1: Called Strike 0-2: Ball 1-2: Strikes out swinging
|
| Top of the 4th over - 0 runs, 0 hits, 0 errors, 0 left on base; Greenville 0 - Gastonia 1 |
| BOTTOM OF THE 4TH |
|
Gastonia Rockets batting - Pitching for Greenville Spinners : RHP Tony Pedroza
|
|
Batting: RHB Pat Dumouchelle
|
0-0: Ball 1-0: Ball 2-0: Foul Ball, location: 2F 2-1: Foul Ball, location: 2F 2-2: Foul Ball, location: 2F 2-2: Ground out 5-3 (Groundball, 56, EV 86.9 MPH)
|
|
Batting: SHB Billy Heimach
|
0-0: Called Strike 0-1: SINGLE (Line Drive, 8RS, EV 99.4 MPH)
|
|
Batting: RHB Donald Murelli
|
0-0: Foul Ball, location: 2F 0-1: Ball 1-1: Foul Ball, location: 2F 1-2: DOUBLE (Line Drive, 5D, EV 94.4 MPH) Billy Heimach to third Runner from 3rd tries for Home, SAFE, no throw by LF
|
|
Batting: RHB Kurt Kingsolver
|
0-0: Ball 1-0: Ball 2-0: Ball 3-0: Base on Balls
|
|
Batting: RHB Glenn Jones
|
0-0: Fielders Choice at 2nd, 6-4 (Groundball, 6, EV 80.6 MPH) Donald Murelli to third
|
|
Batting: RHB Jackie Wright
|
0-0: Called Strike 0-1: Ball 1-1: Ball 2-1: Called Strike 2-2: Ball 3-2: Base on Balls Glenn Jones to second
|
|
Batting: LHB Dale Holman
|
0-0: Fly out, F5 (Line Drive, 5, EV 70.6 MPH)
|
| Bottom of the 4th over - 1 run, 2 hits, 0 errors, 3 left on base; Greenville 0 - Gastonia 2 |
| TOP OF THE 5TH |
|
Greenville Spinners batting - Pitching for Gastonia Rockets : RHP Jesus Aguilar
|
|
Batting: RHB Luis Salazar
|
0-0: Ball 1-0: Foul Ball, location: 2F 1-1: Called Strike 1-2: Ball 2-2: Foul Ball, location: 2F 2-2: Strikes out swinging
|
|
Batting: RHB Darrell Woodard
|
0-0: Called Strike 0-1: Ball 1-1: Ball 2-1: Swinging Strike 2-2: Foul Ball, location: 2F 2-2: Foul Ball, location: 2F 2-2: Ball 3-2: Foul Ball, location: 2F 3-2: Fly out, F8 (Line Drive, 8LD, EV 109.4 MPH)
|
|
Batting: SHB David Miller
|
0-0: Called Strike 0-1: Ball 1-1: Called Strike 1-2: Foul Ball, location: 2F 1-2: Ball 2-2: Strikes out swinging
|
| Top of the 5th over - 0 runs, 0 hits, 0 errors, 0 left on base; Greenville 0 - Gastonia 2 |
| BOTTOM OF THE 5TH |
|
Gastonia Rockets batting - Pitching for Greenville Spinners : RHP Tony Pedroza
|
|
Batting: RHB Mark Davidson
|
0-0: Ball 1-0: Ground out 5-3 (Groundball, 56, EV 85.0 MPH)
|
|
Batting: LHB Reginald Thomas
|
0-0: Foul Ball, location: 2F 0-1: Ball 1-1: Fly out, F8 (Line Drive, 8RM, EV 109.4 MPH)
|
|
Batting: RHB Pat Dumouchelle
|
0-0: Swinging Strike 0-1: Ball 1-1: Ball 2-1: Called Strike 2-2: Strikes out swinging
|
| Bottom of the 5th over - 0 runs, 0 hits, 0 errors, 0 left on base; Greenville 0 - Gastonia 2 |
| TOP OF THE 6TH |
|
Greenville Spinners batting - Pitching for Gastonia Rockets : RHP Jesus Aguilar
|
|
Batting: RHB Tony Russell
|
0-0: Fly out, F6 (Popup, 56, EV 61.3 MPH)
|
|
Batting: RHB Byron Peyton
|
0-0: Ball 1-0: Called Strike 1-1: Foul Ball, location: 2F 1-2: Ball 2-2: Strikes out swinging
|
|
Batting: SHB Thomas Colburn
|
0-0: Called Strike 0-1: Called Strike 0-2: Strikes out swinging
|
| Top of the 6th over - 0 runs, 0 hits, 0 errors, 0 left on base; Greenville 0 - Gastonia 2 |
| BOTTOM OF THE 6TH |
|
Gastonia Rockets batting - Pitching for Greenville Spinners : RHP Tony Pedroza
|
|
Batting: SHB Billy Heimach
|
0-0: Called Strike 0-1: Foul Ball, location: 2F 0-2: Ball 1-2: DOUBLE (Flyball, 5D, EV 93.8 MPH)
|
|
Batting: RHB Donald Murelli
|
0-0: Foul Ball, location: 2F 0-1: Ball 1-1: Bunt missed! 1-2: Foul Ball, location: 2F 1-2: Foul Ball, location: 2F 1-2: Ground out 5-3 (Groundball, 56S, EV 76.3 MPH) Billy Heimach to third
|
|
Batting: RHB Kurt Kingsolver
|
0-0: Ball 1-0: Fly out, F7 (Flyball, 7D, EV 95.6 MPH) Runner from 3rd tags up, SCORES, throw by LF
|
|
Batting: RHB Glenn Jones
|
0-0: Ball 1-0: Foul Ball, location: 2F 1-1: Fly out, F7 (Flyball, 78S, EV 88.8 MPH)
|
| Bottom of the 6th over - 1 run, 1 hit, 0 errors, 0 left on base; Greenville 0 - Gastonia 3 |
| TOP OF THE 7TH |
|
Greenville Spinners batting - Pitching for Gastonia Rockets : RHP Jesus Aguilar
|
|
Batting: RHB Ronald Carapezzi
|
0-0: Ball 1-0: Foul Ball, location: 2F 1-1: Called Strike 1-2: Ball 2-2: Foul Ball, location: 2F 2-2: Ball 3-2: Ground out 5-3 (Groundball, 56, EV 109.4 MPH)
|
|
Batting: RHB Richard Duran
|
0-0: Called Strike 0-1: Swinging Strike 0-2: Ball 1-2: Strikes out swinging
|
|
Batting: RHB Michael McEvilly
|
0-0: Ball 1-0: Ball 2-0: Swinging Strike 2-1: Ball 3-1: Base on Balls
|
|
Batting: RHB Luis Salazar
|
0-0: Called Strike 0-1: Fly out, F8 (Line Drive, 8LD, EV 89.4 MPH)
|
| Top of the 7th over - 0 runs, 0 hits, 0 errors, 1 left on base; Greenville 0 - Gastonia 3 |
| BOTTOM OF THE 7TH |
|
Gastonia Rockets batting - Pitching for Greenville Spinners : RHP Tony Pedroza
|
|
Batting: RHB Jackie Wright
|
0-0: Ball 1-0: Called Strike 1-1: Ball 2-1: Ground out 4-3 (Groundball, 4, EV 83.8 MPH)
|
|
Batting: LHB Dale Holman
|
0-0: Ball 1-0: Ground out 4-3 (Groundball, 4, EV 91.3 MPH)
|
|
Batting: RHB Mark Davidson
|
0-0: Ball 1-0: Foul Ball, location: 2F 1-1: Fly out, F2 (Popup, 2LF, EV 84.4 MPH)
|
| Bottom of the 7th over - 0 runs, 0 hits, 0 errors, 0 left on base; Greenville 0 - Gastonia 3 |
| TOP OF THE 8TH |
|
Greenville Spinners batting - Pitching for Gastonia Rockets : RHP Jesus Aguilar
|
|
Batting: RHB Darrell Woodard
|
0-0: Called Strike 0-1: Foul Ball, location: 2F 0-2: Ball 1-2: Fly out, F9 (Flyball, 9S, EV 90.0 MPH)
|
|
Batting: SHB David Miller
|
0-0: Called Strike 0-1: Ball 1-1: Foul Ball, location: 2F 1-2: Ball 2-2: Ball 3-2: Strikes out looking
|
|
Batting: RHB Tony Russell
|
0-0: Swinging Strike 0-1: Ball 1-1: Called Strike 1-2: Foul Ball, location: 2F 1-2: Ball 2-2: Ball 3-2: Foul Ball, location: 2F 3-2: Base on Balls
|
|
Batting: RHB Byron Peyton
|
0-0: Ball 1-0: Called Strike 1-1: TRIPLE (Line Drive, 89XD, EV 107.5 MPH) Tony Russell scores
|
|
Pitching: RHP Harvey Akers
|
|
|
Batting: SHB Thomas Colburn
|
0-0: Called Strike 0-1: Ball 1-1: DOUBLE (Line Drive, 78XD, EV 112.5 MPH) Byron Peyton scores
|
|
Batting: RHB Ronald Carapezzi
|
0-0: Called Strike 0-1: Foul Ball, location: 2F 0-2: Ball 1-2: Fly out, F1 (Popup, 13, EV 71.3 MPH)
|
| Top of the 8th over - 2 runs, 2 hits, 0 errors, 1 left on base; Greenville 2 - Gastonia 3 |
| BOTTOM OF THE 8TH |
|
Gastonia Rockets batting - Pitching for Greenville Spinners : RHP Tony Pedroza
|
|
Batting: LHB Reginald Thomas
|
0-0: Swinging Strike 0-1: Ball 1-1: Called Strike 1-2: Foul Ball, location: 2F 1-2: Fly out, F8 (Line Drive, 8RM, EV 100.6 MPH)
|
|
Batting: RHB Pat Dumouchelle
|
0-0: SINGLE (Groundball, 56D, EV 100.6 MPH)
|
|
Batting: SHB Billy Heimach
|
0-0: Called Strike 0-1: Ball 1-1: Ball 2-1: Ball 3-1: Called Strike 3-2: Foul Ball, location: 2F 3-2: SINGLE (Groundball, P, EV 83.8 MPH) (infield hit) Pat Dumouchelle to second
|
|
Batting: RHB Donald Murelli
|
0-0: Ball 1-0: Fly out, F9 (Flyball, 89D, EV 108.1 MPH)
|
|
Batting: RHB Kurt Kingsolver
|
0-0: Called Strike 0-1: Foul Ball, location: 2F 0-2: Ball 1-2: Foul Ball, location: 2F 1-2: Ball 2-2: Strikes out swinging
|
| Bottom of the 8th over - 0 runs, 2 hits, 0 errors, 2 left on base; Greenville 2 - Gastonia 3 |
| TOP OF THE 9TH |
|
Greenville Spinners batting - Pitching for Gastonia Rockets : RHP Harvey Akers
|
|
Batting: RHB Richard Duran
|
0-0: SINGLE (Flyball, 8RS, EV 94.4 MPH)
|
|
Pinch Hitting: RHB Bobby Miscik
|
0-0: Bunted foul 0-1: Bunt missed! 0-2: Grounds into double play, 6-4-3 (Groundball, 6, EV 86.3 MPH)
|
|
Pinch Hitting: LHB Glen Moon
|
0-0: Foul Ball, location: 2F 0-1: Ball 1-1: Ball 2-1: SINGLE (Line Drive, 8RS, EV 107.5 MPH)
|
|
Pinch Hitting: LHB John Edmonds
|
0-0: Foul Ball, location: 2F 0-1: Ball 1-1: Ball 2-1: Foul Ball, location: 2F 2-2: Fly out, F8 (Line Drive, 8RD, EV 93.1 MPH)
|
| Top of the 9th over - 0 runs, 2 hits, 0 errors, 1 left on base; Greenville 2 - Gastonia 3 |
|